 Dungeon Crawl Stone Soup version 0.22-a0-596-gfbd32a6 (webtiles) character file.

100 Lianjan the Poker (level 4, -7/46 HPs)
             Began as an Octopode Wanderer on July 5, 2018.
             Mangled by Menkaure (8 damage)
             ... in an ossuary.
             The game lasted 00:07:03 (2279 turns).

Lianjan the Poker (Octopode Wanderer)               Turns: 2279, Time: 00:07:03

Health: -7/46      AC: 22    Str: 10    XL:     4   Next: 73%
Magic:  4/4        EV:  2    Int: 12    God:
Gold:   135        SH:  0    Dex: 23    Spells: 3/3 levels left

rFire    + . .     SeeInvis .   b - +0 spear
rCold    . . .     Gourm    +   (no shield)
rNeg     + + +     Faith    .   (helmet currently unavailable)
rPois    +         Spirit   .   d - amulet of the gourmand
rElec    .         Reflect  .   g - ring of poison resistance
rCorr    .         Harm     .   j - +3 ring of dexterity
MR       .....     NoTele   +   m - ring of protection from fire
Stlth    +++.......             (no ring)
HPRegen  0.15/turn              (no ring)
MPRegen  0.09/turn              (no ring)
                                (no ring)
                                (no ring)

@: agile, tree-form
A: almost no armour, stealthy swim, (amphibious), 8 rings, (constrict 8)
a: no special abilities


You were in an ossuary.
You were very full.
You were a tree.
You visited 1 branch of the dungeon, and saw 3 of its levels.
You also visited: Ossuary.

You collected 135 gold pieces.

Inventory:

Hand Weapons
 b - a +0 spear (weapon)
Missiles
 i - 105 stones (quivered)
Jewellery
 d - an amulet of the gourmand (around neck)
 g - a ring of poison resistance (left branch)
 j - a +3 ring of dexterity (right branch)
 m - a ring of protection from fire (on tentacle)
Scrolls
 e - a scroll of identify {unknown}
 n - a scroll of magic mapping
 o - a scroll of enchant weapon {unknown}
 p - 3 scrolls of teleportation {unknown}
 r - a scroll of blinking {unknown}
Potions
 a - 2 potions of lignification
 f - 3 potions of agility
 h - a potion of cancellation {unknown}
 k - a potion of might {unknown}
 l - a potion of flight {unknown}
 s - a potion of degeneration {unknown}
 t - a potion of brilliance {unknown}
Comestibles
 c - 2 rations


   Skills:
 - Level 3.0 Fighting
 + Level 3.8 Polearms
   Level 1.0 Crossbows
 - Level 1.0 Throwing
 + Level 2.8 Dodging
 - Level 1.3 Stealth
   Level 1.0 Shields


You had 3 spell levels left.
You didn't know any spells.
Your spell library was empty.

Dungeon Overview and Level Annotations

Branches:
Dungeon (4/15)             Temple (0/1) D:4

Altars:

Annotations:
Ossuary Menkaure


Innate Abilities, Weirdness & Mutations

You cannot wear most types of armour.
You are very stealthy in the water. (Stealth+)
((You are amphibious.))
You can wear up to eight rings at the same time.
((You can use your tentacles to constrict eight enemies at once.))
((Your skin changes colour to match your surroundings (Stealth+).))
((Your rubbery body absorbs attacks. (AC +1, EV +1)))


Message History

You closely miss Menkaure.
Menkaure is almost destroyed.
Menkaure hits you but does no damage. The mummy hits you but does no damage.
You hit Menkaure.
Menkaure is almost destroyed.
Menkaure hits you!
* * * LOW HITPOINT WARNING * * *
You barely miss Menkaure.
Menkaure is almost destroyed.
Menkaure hits you but does no damage. The mummy hits you.
* * * LOW HITPOINT WARNING * * *
Menkaure hits you.
* * * LOW HITPOINT WARNING * * *
You hit Menkaure but do no damage.
Menkaure is almost destroyed.
Menkaure hits you but does no damage.
It was a potion of agility.
You feel agile all of a sudden. The mummy hits you but does no damage.
Menkaure hits you!
You die...

..##..##..##..##..##..##
.##..##..####..##..##..##
##..##..##!!##..##..##..##
#..##..##??!?##..##..##..##
..##..## .?!.!##..##..##..##
.##..## !∩∩...##..##..##..##
##..## ..?...Z##..##..##..##
#..## .!!...MM##..##..##..##
..##############♣'##..##..##..##
...................##..##..##..##
######################..##..##..#
.....^...................##..##..
############################..##.
..^..........^^...^............##
#################################


You could see Menkaure, a mummy and an orc zombie.

Vanquished Creatures
  Jessica (D:2)
  2 adders
  2 oozes (D:1)
  A dart slug (D:1)
  A leopard gecko (D:1)
  2 giant cockroaches
  2 goblins
  4 hobgoblins (D:1)
  6 jackals
  4 bats (D:1)
  3 gnoll skeletons (Ossuary)
  A goblin skeleton (Ossuary)
  2 goblin zombies (Ossuary)
  5 hobgoblin skeletons (Ossuary)
  2 hobgoblin zombies (Ossuary)
  5 kobolds
  A kobold skeleton (Ossuary)
  A kobold zombie (Ossuary)
  An orc skeleton (Ossuary)
  2 orc zombies (Ossuary)
  3 rats
  A rat skeleton (Ossuary)
  A rat zombie (Ossuary)
53 creatures vanquished.

Vanquished Creatures (others)
  2 mummies (Ossuary)
  2 gnoll zombies (Ossuary)
  3 gnoll skeletons (Ossuary)
  4 goblin skeletons (Ossuary)
  2 goblin zombies (Ossuary)
  A hobgoblin skeleton (Ossuary)
  4 hobgoblin zombies (Ossuary)
  2 kobold zombies (Ossuary)
  3 orc skeletons (Ossuary)
  3 orc zombies (Ossuary)
  2 rat skeletons (Ossuary)
  3 rat zombies (Ossuary)
31 creatures vanquished.

Grand Total: 84 creatures vanquished

Notes
Turn   | Place    | Note
-------+----------+-------------------------------------------
     0 | D:1      | Lianjan the Octopode Wanderer began the quest for the Orb.
     0 | D:1      | Lianjan set off with: a potion of lignification, a +0 spear, a ration
     0 | D:1      | Reached XP level 1. HP: 16/16 MP: 1/1
   253 | D:1      | Reached XP level 2. HP: 19/21 MP: 2/2
   434 | D:1      | Reached XP level 3. HP: 26/26 MP: 3/3
  1347 | D:2      | Noticed Jessica
  1355 | D:2      | Killed Jessica
  1355 | D:2      | Reached XP level 4. HP: 31/31 MP: 4/4
  1399 | D:2      | You fall through a shaft for 2 floors!
  1561 | D:4      | Found a sand-covered staircase.
  1571 | Ossuary  | Entered an ossuary
  2251 | Ossuary  | Noticed Menkaure
  2277 | Ossuary  | HP: 1/46 [Menkaure (6)]
  2279 | Ossuary  | Mangled by Menkaure

Vault maps used:
D:1:      eino_arrival_cavern_b, serial_forest, infiniplex_forest_end_1,
          infiniplex_forest_end_2, infiniplex_forest_fountain,
          infiniplex_forest_clump_small, infiniplex_forest_corner_1,
          infiniplex_forest_clump_curved, infiniplex_forest_clump_curved
D:2:      kennysheep_generic_room_12, uniq_jessica
D:4:      vehumet_crystals, minmay_temple_entry_statues_fountains,
          chequers_ossuary_entry_cave, first_ration, corexii_leaking_fountain,
          uniq_pikel
Ossuary:  ossuary_due_pyramid

Skill      XL: |  1  2  3 |
---------------+----------+-----
Polearms       | 2 3 |  3.8
Fighting       | |  3.0
Crossbows      | |  1.0
Throwing       | |  1.0
Dodging        | |  2.8
Stealth        | |  1.3
Shields        | |  1.0

Action                   |  1- 3 |  4- 6 || total
-------------------------+-------+-------++-------
Melee: Spear             |    54 |    68 ||   122
       Tentacles         |    14 |    11 ||    25
       Constrict         |    14 |    18 ||    32
Throw: Stone             |       |     2 ||     2
  Use: Scroll            |       |     2 ||     2
       Potion            |       |     2 ||     2
 Stab: Sleeping          |     8 |     1 ||     9
       Distracted        |     1 |     3 ||     4
  Eat: Chunk             |    14 |     1 ||    15
Armor: Skin              |     3 |    21 ||    24
Dodge: Dodged            |    15 |    17 ||    32

Table legend:
 A = Spawn XP
 B = Non-spawn XP
 C = Spawn XP percentage of total XP
 D = Spawn monster count
 E = Non-spawn monster count
 F = Spawn count percentage of total count
 G = Total turns spent on level
                    A         B        C        D         E        F      G
               +---------+---------+-------+---------+---------+-------+---------
         Total |       0 |     143 |   0.0 |       0 |      48 |   0.0 |  2279
               +---------+---------+-------+---------+---------+-------+---------
           D:1 |       0 |      45 |   0.0 |       0 |      20 |   0.0 |   943
           D:2 |       0 |      63 |   0.0 |       0 |       9 |   0.0 |   456
           D:4 |       0 |      20 |   0.0 |       0 |       4 |   0.0 |   172
       Ossuary |       0 |      15 |   0.0 |       0 |      15 |   0.0 |   708
               +---------+---------+-------+---------+---------+-------+---------
